 Dungeon Crawl Stone Soup version 0.24-a0-417-g1cce26a (webtiles) character file.

Game seed: 8598471254213043152

423 AlmondAAA the Chiller (level 6, -9/49 HPs)
             Began as a Naga Ice Elementalist on June 10, 2019.
             Killed from afar by an electric eel (13 damage)
             ... with a bolt of electricity
             ... on level 7 of the Dungeon.
             The game lasted 00:10:20 (3506 turns).

AlmondAAA the Chiller (Naga Ice Elementalist)       Turns: 3506, Time: 00:10:21

Health: -9/49      AC:  4    Str: 10    XL:     6   Next: 95%
Magic:  11/11      EV: 10    Int: 17    God:
Gold:   179        SH:  0    Dex: 12    Spells: 2/12 levels left

rFire    . . .     SeeInvis +   h - +1 dagger (venom)
rCold    + . .     Gourm    .   (no shield)
rNeg     . . .     Faith    .   a - +0 robe
rPois    +         Spirit   .   (no helmet)
rElec    .         Reflect  .   b - +0 cloak
rCorr    .         Harm     .   (no gloves)
MR       .....                  (no barding)
Stlth    +++.......             t - amulet of regeneration
HPRegen  0.56/turn              j - ring of protection from cold
MPRegen  0.12/turn              (no ring)

@: very slow
A: large, see invisible, deformed body, poison resistance, slowness 2, slow
metabolism 1, spit poison 1, AC +2
a: Spit Poison


You were on level 7 of the Dungeon.
You were not hungry.

You visited 1 branch of the dungeon, and saw 5 of its levels.

You collected 179 gold pieces.

Inventory:

Hand Weapons
 h - a +1 dagger of venom (weapon)
 n - a +0 short sword of electrocution
Missiles
 d - 56 stones (quivered)
 l - 12 poisoned darts
 o - 2 curare-tipped darts
Armour
 a - a +0 robe (worn)
 b - a +0 cloak (worn)
Jewellery
 j - a ring of protection from cold (left hand)
 t - an amulet of regeneration (around neck)
Scrolls
 e - a scroll of enchant weapon {unknown}
 g - 4 scrolls of teleportation
 i - 3 scrolls of remove curse {unknown}
 m - 2 scrolls of enchant armour {unknown}
 q - a scroll of noise {unknown}
 r - a scroll of amnesia {unknown}
 v - a scroll of vulnerability {unknown}
Potions
 k - a potion of mutation {unknown}
 p - a potion of invisibility {unknown}
 s - 2 potions of heal wounds
 u - a potion of haste {unknown}
Comestibles
 c - 7 rations
 f - a chunk of flesh


   Skills:
 - Level 1.7 Dodging
 - Level 5.2 Stealth
 * Level 3.9 Spellcasting
 + Level 1.7 Conjurations
 + Level 5.5 Ice Magic


You had 2 spell levels left.
You knew the following spells:

 Your Spells              Type           Power        Failure   Level  Hunger
a - Freeze                Ice            ###.         1%          1    None
b - Throw Frost           Conj/Ice       ###...       5%          2    ##.....
c - Ozocubu's Armour      Chrm/Ice       ##......     16%         3    ###....
d - Throw Icicle          Conj/Ice       ###.....     34%         4    ####...

Your spell library contained the following spells:

 Spells                   Type           Power        Failure   Level  Hunger
 Animate Skeleton         Necr           N/A          16%         1    None
 Apportation              Tloc           #.....       16%         1    None
 Confusing Touch          Hex            #.....       16%         1    None
 Summon Small Mammal      Summ           #...         16%         1    None
 Summon Ice Beast         Ice/Summ       ##......     45%         4    ####...


Dungeon Overview and Level Annotations

Branches:
Dungeon (4/15)
 Temple: D:4-7

Altars:
Nemelex Xobeh
Qazlal


Innate Abilities, Weirdness & Mutations

You cannot wear boots.
Your serpentine skin is tough. (AC +2)
You have supernaturally acute eyesight. (SInv)
Armour fits poorly on your strangely shaped body.
Your system is resistant to poisons. (rPois)
You cover ground very slowly.
You have a slow metabolism.
You can spit poison.


Message History

Found a brown potion.
An electric eel comes into view.
The electric eel shoots out a bolt of lightning at you!
The bolt of electricity hits you.
The helpless centaur fails to defend itself.
You puncture the centaur!
The centaur is poisoned.
The centaur is severely wounded.
The centaur closely misses you.
The electric eel shoots out a bolt of lightning at you!
The bolt of electricity hits you! The centaur misses you.
The centaur wields a +0 shortbow.
The centaur shoots an arrow.
The arrow hits you!
The electric eel shoots out a bolt of lightning at you!
The bolt of electricity hits you!
You see here an arrow.
The centaur shoots an arrow.
The arrow hits you!
* * * LOW HITPOINT WARNING * * *
The electric eel shoots out a bolt of lightning at you!
The bolt of electricity hits you!
You die...

########## #........#
####........#
..##........#
#.##........#
#######.##........#
#.......##........#
#......c(@........+
#........#........#
..!..................
.........#........###
≈.≈..%≈≈.≈≈.≈.....#
.≈;≈≈≈≈≈≈≈≈≈......#
≈≈♣♣♣≈≈≈♣♣♣≈..#####
.≈ ♣≈.≈♣ ≈≈.#


You could see a centaur and an electric eel.

Vanquished Creatures
  A hound (D:4)
  4 orc priests (D:3)
  A bullfrog skeleton (D:4)
  2 worker ants
  8 adders
  2 oozes
  2 worms (D:3)
  4 dart slugs
  2 leopard geckos
  13 orcs
  4 giant cockroaches
  10 goblins
  9 hobgoblins
  11 jackals
  6 kobolds
  2 quokkas
  5 bats
  6 frilled lizards
  A quokka skeleton (D:4)
  8 rats
101 creatures vanquished.

Notes
Turn   | Place    | Note
-------+----------+-------------------------------------------
     0 | D:1      | AlmondAAA the Naga Ice Elementalist began the quest for the
                  | Orb.
     0 | D:1      | Reached XP level 1. HP: 15/15 MP: 3/3
    91 | D:1      | Reached XP level 2. HP: 22/22 MP: 1/5
   131 | D:1      | Learned a level 2 spell: Throw Frost
   743 | D:1      | Reached XP level 3. HP: 28/28 MP: 2/6
  1215 | D:2      | Reached XP level 4. HP: 36/36 MP: 5/8
  1317 | D:2      | Learned a level 3 spell: Ozocubu's Armour
  1340 | D:2      | Found a sparkling altar of Nemelex Xobeh.
  2078 | D:3      | Found a stormy altar of Qazlal.
  2185 | D:3      | Reached XP level 5. HP: 42/42 MP: 9/9
  2521 | D:3      | Reached skill level 5 in Stealth
  2644 | D:3      | Learned a level 4 spell: Throw Icicle
  2853 | D:3      | Reached XP level 6. HP: 29/49 MP: 3/10
  2854 | D:3      | Reached skill level 5 in Ice Magic
  3492 | D:4      | You fall into a shaft and drop 3 floors!
  3506 | D:7      | Killed from afar by an electric eel

Levels and vault maps discovered:
D:1:      arrival_zaba_pyramid, layout_basic
D:2:      layout_basic, nemelex_xobeh_ov_fountains_minmay, first_ration
D:3:      layout_loops_cross, nicolae_qazlal_general_emergency, serial_glass,
          glass_columns_c, glass_columns_a, glass_columns_a, glass_columns_c,
          glass_columns_c, glass_columns_a, glass_columns_a, glass_columns_a
D:4:      layout_cave_pools, overflow_temple_1_default
D:7:      layout_basic, nicolae_overflow_crystal_walls, kennysheep_boxes

Skill      XL: |  1  2  3  4  5  6 |
---------------+-------------------+-----
Ice Magic      | 4 5 |  5.5
Spellcasting   | 3 |  3.9
Stealth        | 4 5 |  5.2
Dodging        | |  1.7
Conjurations   | |  1.7

Action                   |  1- 3 |  4- 6 || total
-------------------------+-------+-------++-------
Melee: Unarmed           |    10 |       ||    10
       Dagger            |    28 |   139 ||   167
Throw: Stone             |     8 |     4 ||    12
 Cast: Freeze            |    20 |    23 ||    43
       Throw Frost       |     3 |    18 ||    21
       Ozocubu's Armour  |       |     1 ||     1
 Abil: Spit Poison       |    16 |    18 ||    34
  Use: Potion            |     1 |       ||     1
       Scroll            |       |     3 ||     3
 Stab: Sleeping          |     3 |     9 ||    12
  Eat: Chunk             |     2 |     8 ||    10
Armor: Robe              |     8 |    37 ||    45
Dodge: Dodged            |    25 |    95 ||   120

Table legend:
 A = Non-vault XP
 B = Vault XP
 C = Vault XP percentage of total XP
 D = Non-vault monster count
 E = Vault monster count
 F = Vault count percentage of total count
                 A         B        C        D         E       F
            +---------+---------+-------+---------+---------+-------
      Total |     605 |       0 |   0.0 |     101 |       0 |   0.0
            +---------+---------+-------+---------+---------+-------
        D:1 |      44 |       0 |   0.0 |      23 |       0 |   0.0
        D:2 |      93 |       0 |   0.0 |      30 |       0 |   0.0
        D:3 |     336 |       0 |   0.0 |      40 |       0 |   0.0
        D:4 |     132 |       0 |   0.0 |       8 |       0 |   0.0
            +---------+---------+-------+---------+---------+-------
